 Dungeon Crawl Stone Soup version 0.25-a0-737-g26c3a87c45 (webtiles) character file.

Game seed: 3353105298175874525, levelgen mode: classic

511 Amnesiac the Digger (level 7, -5/50 HPs)
             Began as a Ghoul Earth Elementalist on Apr 11, 2020.
             Killed from afar by an orc wizard (10 damage)
             ... with a puff of flame
             ... on level 4 of the Dungeon.
             The game lasted 00:06:37 (3028 turns).

Amnesiac the Digger (Ghoul Earth Elementalist)      Turns: 3028, Time: 00:06:38

Health: -5/50      AC:  2    Str: 10 (12) XL:     7   Next: 19%
Magic:  0/11       EV: 12    Int: 10 (12) God:
Gold:   181        SH:  0    Dex:  7 (9)  Spells: 5/13 levels left

rFire    . . .     SeeInvis .   f - +0 hunting sling
rCold    + . .     Gourm    .   (no shield)
rNeg     + + +     Faith    .   c - +0 robe
rPois    ∞         Spirit   .   (no helmet)
rElec    .         Reflect  .   (no cloak)
rCorr    +         Harm     .   (no gloves)
MR       .....                  (no boots)
Stlth    ++........             (no amulet)
HPRegen  0.00/turn              w - ring of resist corrosion
MPRegen  0.12/turn              (no ring)

@: stab, very slightly contaminated, rotting
A: rotting body, claws 1, carnivore, cold resistance 1, negative energy
resistance 3, inhibited regeneration, torment resistance, unbreathing
a: no special abilities


You were on level 4 of the Dungeon.
You were not hungry.

You visited 1 branch of the dungeon, and saw 4 of its levels.

You collected 181 gold pieces.

Inventory:

Hand Weapons
 f - a +0 hunting sling (weapon)
 s - a +1 war axe of electrocution
Missiles
 b - 76 stones
 g - 60 sling bullets (quivered)
 h - 66 poisoned darts
Armour
 c - a +0 robe (worn)
Jewellery
 w - a ring of resist corrosion (left claw)
Wands
 t - a wand of flame (19)
Scrolls
 e - 5 scrolls of identify {!r, unknown}
 i - a scroll of fear {!r, unknown}
 k - 3 scrolls of remove curse {!r, unknown}
 l - a scroll of amnesia {!r, unknown}
 m - a scroll of enchant armour {!r, unknown}
 n - a scroll of noise {!r, unknown}
 o - 2 scrolls of magic mapping {!r, unknown}
 v - 2 scrolls of teleportation {!r, unknown}
Potions
 j - a potion of degeneration {!q}
 q - a potion of flight {!q, unknown}
 r - a potion of curing {!q, unknown}
 u - a potion of cancellation {!q, unknown}
Comestibles
 d - 9 rations


   Skills:
 - Level 1.7 Dodging
 - Level 2.1 Stealth
 + Level 3.9 Spellcasting
 - Level 0.8 Transmutations
 * Level 7.4 Earth Magic


You had 5 spell levels left.
You knew the following spells:

 Your Spells              Type           Power        Failure   Level  Hunger
a - Sandblast             Erth           ###...       1%          1    #......
b - Passwall              Tmut/Erth      ##......     7%          2    ###....
e - Lee's Rapid Deconstr  Erth           ###.......   34%         5    ######.

Your spell library contained the following spells:

 Spells                   Type           Power        Failure   Level  Hunger
 Stone Arrow              Conj/Erth      #.....       17%         3    ###....
 Petrify                  Tmut/Erth      ##......     43%         4    #####..


Dungeon Overview and Level Annotations

Branches:
Dungeon (4/15)
 Temple: D:4-7

Altars:
Cheibriados
Trog
Uskayaw
Xom

Annotations:
D:3 1 exclusion
D:4 exclusion: moth of wrath


Innate Abilities, Weirdness & Mutations

Your body is rotting away.
You thrive on raw meat.
You are immune to poison.
You have sharp fingernails.
You are carnivorous and can eat meat at any time.
Your flesh is cold resistant. (rC+)
You are immune to negative energy. (rN+++)
You do not regenerate when monsters are visible.
You are immune to unholy pain and torment.
You can survive without breathing.


Message History

Firing (i - inventory. (/) - cycle)
g - 66 sling bullets (quivered)
Press: ? - help, Shift-Dir - straight line, f/p - orc wizard
Aim: an orc wizard, wielding a +0 dagger and wearing a +0 robe (moderately wounded)
You shoot a sling bullet. The sling bullet hits the orc wizard!
The orc wizard is almost dead.
The orc wizard barely misses you.
Firing (i - inventory. (/) - cycle)
g - 65 sling bullets (quivered)
Press: ? - help, Shift-Dir - straight line, f/p - orc wizard
Aim: an orc wizard, wielding a +0 dagger and wearing a +0 robe (almost dead)
You shoot a sling bullet.
The sling bullet barely misses the orc wizard.
The orc wizard hits you with a +0 dagger.
* * * LOW HITPOINT WARNING * * *
The orc wizard barely misses you.
Firing (i - inventory. (/) - cycle)
g - 64 sling bullets (quivered)
Press: ? - help, Shift-Dir - straight line, f/p - orc wizard
Aim: an orc wizard, wielding a +0 dagger and wearing a +0 robe (almost dead)
You shoot a sling bullet.
The sling bullet hits the orc wizard but does no damage.
The orc wizard is almost dead.
The orc wizard closely misses you.
Firing (i - inventory. (/) - cycle)
g - 63 sling bullets (quivered)
Press: ? - help, Shift-Dir - straight line, f/p - orc wizard
Aim: an orc wizard, wielding a +0 dagger and wearing a +0 robe (almost dead)
You shoot a sling bullet.
The sling bullet closely misses the orc wizard.
The orc wizard hits you but does no damage.
Casting: Sandblast (safe; 1% risk of failure)
Confirm with . or Enter, or press ? or * to list all spells.
Aiming: Sandblast (safe; 1% risk of failure)
Press: ? - help, Shift-Dir - straight line, f/p - orc wizard
Aim: an orc wizard, wielding a +0 dagger and wearing a +0 robe (almost dead)
The blast of sand misses the orc wizard.
b - 76 stones The orc wizard hits you but does no damage.
Firing (i - inventory. (/) - cycle)
g - 62 sling bullets (quivered)
Press: ? - help, Shift-Dir - straight line, f/p - orc wizard
Aim: an orc wizard, wielding a +0 dagger and wearing a +0 robe (almost dead)
You shoot a sling bullet.
The sling bullet completely misses the orc wizard.
The orc wizard hits you with a +0 dagger.
* * * LOW HITPOINT WARNING * * *
Firing (i - inventory. (/) - cycle)
g - 61 sling bullets (quivered)
Press: ? - help, Shift-Dir - straight line, f/p - orc wizard
Aim: an orc wizard, wielding a +0 dagger and wearing a +0 robe (almost dead)
You shoot a sling bullet.
The sling bullet closely misses the orc wizard.
The orc wizard mumbles some strange words.
The orc wizard flickers and vanishes!
Deactivating autopickup; reactivate with Ctrl-A.
Really quaff
j - 2 white potions {!q}?
It was a potion of degeneration {!q}.
There was something very wrong with that liquid.
You feel weakened.
You feel dopey.
You feel clumsy.
You hear some strange, mumbled words.
A puff of flame appears from out of thin air!
The puff of flame misses you.
Really quaff
p - a cyan potion {!q}?
It was a potion of stabbing {!q}.
You feel ready to backstab.
You hear some strange, mumbled words.
A puff of flame appears from out of thin air!
The puff of flame hits you!
You die...

# ##.##.# #### #.....#
...# #.....# ##.##
#########)# # ##..#
#.......#.#####.#
###.######.#..##.#)......#
........................>.
####.#####.#####.#.......#
# #..####.# #..@#.#####.#
# ##......###.#{#.......#
# #..##......#)#######^# #
#..#........)# #
##.#########)## # ####.#
#..### # #....##..( #....#
# #.##.#..l. #....## #
#.##.#.w.S #(..o.#


There were no monsters in sight!

Vanquished Creatures
  2 hounds
  3 orc wizards
  A bullfrog skeleton (D:4)
  A centaur skeleton (D:4)
  2 worker ants
  A hound skeleton (D:4)
  4 gnolls (D:2)
  9 adders
  An ooze (D:3)
  7 worms
  A dart slug (D:3)
  A leopard gecko (D:3)
  12 orcs
  3 giant cockroaches
  6 goblins
  12 hobgoblins
  4 jackals (D:3)
  11 kobolds
  A quokka (D:2)
  2 ball pythons
  8 bats
  4 frilled lizards
  14 rats
110 creatures vanquished.

Notes
Turn   | Place    | Note
-------+----------+-------------------------------------------
     0 | D:1      | Amnesiac the Ghoul Earth Elementalist began the quest for
                  | the Orb.
     0 | D:1      | Reached XP level 1. HP: 14/14 MP: 2/2
   184 | D:1      | Reached XP level 2. HP: 20/20 MP: 2/4
   256 | D:1      | Learned a level 2 spell: Passwall
   262 | D:1      | Reached skill level 4 in Earth Magic
   343 | D:1      | Reached XP level 3. HP: 13/26 MP: 0/5
   796 | D:2      | Found a snail-covered altar of Cheibriados.
   799 | D:2      | Found a shimmering altar of Xom.
   967 | D:2      | Reached XP level 4. HP: 33/33 MP: 6/6
  1017 | D:2      | Reached skill level 5 in Earth Magic
  1210 | D:2      | Reached XP level 5. HP: 38/38 MP: 8/8
  1638 | D:3      | Noticed a +0 dagger
  1638 | D:3      | Noticed a +0 dagger
  1656 | D:3      | Found a hide-covered altar of Uskayaw.
  1930 | D:3      | Reached skill level 6 in Earth Magic
  2004 | D:3      | Reached XP level 6. HP: 29/45 MP: 3/9
  2011 | D:3      | Learned a level 5 spell: Lee's Rapid Deconstruction
  2624 | D:4      | Reached skill level 7 in Earth Magic
  2714 | D:4      | Noticed a moth of wrath
  2726 | D:4      | Found a bloodstained altar of Trog.
  2794 | D:4      | Reached XP level 7. HP: 46/50 MP: 11/11
  3028 | D:4      | Killed from afar by an orc wizard

Levels and vault maps discovered:
D:1:      matt_arrival_los_fun, layout_basic, minivault_4, minmay_unequal
D:2:      layout_basic, minitemple, minmay_misc_feat_tiny
D:3:      layout_loops_cross, dancing_weapons_uskayaw, first_ration
D:4:      minmay_opposing_rooms, layout_basic, tgw_trog, okawaru_gym_becter,
          hangedman_decor_diamond_cutter, uniq_pikel

Skill      XL: |  1  2  3  4  5  6 |
---------------+-------------------+-----
Spellcasting   | 2 3 |  3.9
Earth Magic    | 4 5 6 7 |  7.4
Dodging        | |  1.7
Stealth        | |  2.1
Transmutations | |  0.8

Action                   |  1- 3 |  4- 6 |  7- 9 || total
-------------------------+-------+-------+-------++-------
Melee: Unarmed           |    19 |       |       ||    19
 Fire: Hunting sling     |   107 |   229 |    40 ||   376
 Cast: Sandblast         |    16 |    41 |     9 ||    66
       Lee's Rapid Decon |       |       |     1 ||     1
  Use: Potion            |       |       |     2 ||     2
  Eat: Chunk             |     8 |    14 |     6 ||    28
Armor: Robe              |    26 |     6 |     2 ||    34
Dodge: Dodged            |    56 |    83 |    17 ||   156

Table legend:
 A = Non-vault XP
 B = Vault XP
 C = Vault XP percentage of total XP
 D = Non-vault monster count
 E = Vault monster count
 F = Vault count percentage of total count
                 A         B        C        D         E       F
            +---------+---------+-------+---------+---------+-------
      Total |     643 |      87 |  11.9 |      99 |      11 |  10.0
            +---------+---------+-------+---------+---------+-------
        D:1 |      42 |       4 |   8.7 |      29 |       3 |   9.4
        D:2 |     159 |       0 |   0.0 |      28 |       0 |   0.0
        D:3 |     212 |       0 |   0.0 |      28 |       0 |   0.0
        D:4 |     230 |      83 |  26.5 |      14 |       8 |  36.4
            +---------+---------+-------+---------+---------+-------
